 Seeded DCSS version 0.28-a0-1159-g27aa881441 (webtiles) character file.

Game seed: 3047507878316767220 (custom seed)

646 croobank the Skirmisher (level 7, -5/60 HPs)
             Began as a Gnoll Abyssal Knight on Dec 15, 2021.
             Was a Priest of Lugonu.
             Slain by an ogre (21 damage)
             ... on level 4 of the Dungeon.
             The game lasted 00:29:59 (4864 turns).

croobank the Skirmisher (Gnoll Abyssal Knight)      Turns: 4864, Time: 00:30:03

Health: -5/60      AC:  7    Str: 12    XL:     7   Next: 52%
Magic:  9/11       EV: 13    Int: 12    God:    Lugonu [***...]
Gold:   178        SH:  0    Dex: 12    Spells: 8/11 levels left

rFire   . . .      SeeInvis .   a - +1 hand axe
rCold   + . .      Faith    .   (no shield)
rNeg    . . .      Spirit   .   f - +1 steam dragon scales
rPois   .          Reflect  .   (helmet currently unavailable)
rElec   .          Harm     .   (no cloak)
rCorr   .          Rampage  .   (no gloves)
Will    .....                   (boots currently unavailable)
Stlth   ++........              (no amulet)
HPRegen 0.20/turn               k - ring of protection from cold
MPRegen 0.12/turn               (no ring)

@: appendages (expiring), wereblooded
A: horns 2, talons 2, fangs 1, strong nose, distributed training
a: End Transformation, Renounce Religion, Depart the Abyss, Bend Space, Banish


You were on level 4 of the Dungeon.
You worshipped Lugonu.
Lugonu was most pleased with you.
You had temporarily grown beastly horns and talons.
You visited 1 branch of the dungeon, and saw 5 of its levels.
You visited the Abyss 1 time.

You collected 178 gold pieces.

Inventory:

Hand Weapons
 a - a +1 hand axe (weapon)
 e - a +0 fustibalus
 t - a +2 whip of pain
Missiles
 j - 4 boomerangs
 l - 26 poisoned darts (quivered)
 o - 54 sling bullets
 s - 49 stones
Armour
 c - a +0 helmet (melded)
 f - +1 steam dragon scales (worn)
 n - the +0 helmet "Ufupn" {rPois rC- rCorr Str-2}
   (You took it off Robin on level 2 of the Dungeon)

   Str:       It affects your strength (-2).
   rC:        It makes you vulnerable to cold.
   rPois:     It protects you from poison.
   rCorr:     It protects you from acid and corrosion.
 v - a +0 pair of boots (melded)
Jewellery
 k - a ring of protection from cold (left hand)
Scrolls
 d - a scroll of vulnerability {vulnerability, unknown}
 g - a scroll of torment {torment, unknown}
 h - a scroll of holy word {unknown}
 i - a scroll of brand weapon {brand weapon, unknown}
 m - a scroll of acquirement {acquirement, unknown}
 p - a scroll of immolation
 r - 5 scrolls of identify {identify, unknown}
 u - a scroll of magic mapping {magic mapping, unknown}
 w - 4 scrolls of enchant weapon {enchant weapon, unknown}
Potions
 b - a potion of degeneration {degeneration, unknown}
 q - a potion of ambrosia {unknown}


   Skills:
 + Level 7.0 Fighting
 + Level 2.5 Short Blades
 + Level 2.5 Long Blades
 + Level 5.2 Axes
 + Level 2.5 Maces & Flails
 + Level 2.5 Polearms
 + Level 2.5 Staves
 + Level 2.5 Slings
 + Level 2.5 Bows
 + Level 2.5 Crossbows
 + Level 2.5 Throwing
 + Level 5.2 Armour
 + Level 3.6 Dodging
 + Level 2.5 Stealth
 + Level 2.5 Shields
 + Level 2.5 Unarmed Combat
 + Level 2.5 Spellcasting
 + Level 2.0 Conjurations
 + Level 2.0 Hexes
 + Level 2.0 Summonings
 + Level 2.0 Necromancy
 + Level 2.0 Translocations
 + Level 2.0 Transmutations
 + Level 2.0 Fire Magic
 + Level 2.0 Ice Magic
 + Level 2.0 Air Magic
 + Level 2.0 Earth Magic
 + Level 2.0 Poison Magic
 + Level 5.4 Invocations
 + Level 2.5 Evocations


You had 8 spell levels left.
You knew the following spells:

 Your Spells              Type           Power      Damage    Failure   Level
a - Beastly Appendage     Tmut           12%        N/A       11%         1
b - Wereblood             Tmut           6%         N/A       17%         2

Your spell library contained the following spells:

 Spells                   Type           Power      Damage    Failure   Level
 Spider Form              Tmut/Pois      6%         N/A       32%         3
 Petrify                  Tmut/Erth      6%         N/A       73%         4
 Metabolic Englaciation   Hex/Ice        3%         N/A       97%         5
 Statue Form              Tmut/Erth      4%         N/A       100%        6


Dungeon Overview and Level Annotations

Branches:
Dungeon (5/15)
 Temple: D:4-7

Altars:

Shops:
D:1 :   D:2 =


Innate Abilities, Weirdness & Mutations

You have temporarily grown beastly horns and talons.
You have very sharp teeth.
Your uncanny sense of smell can sniff out nearby items.
Your experience applies equally to all skills.


Message History

The ogre shouts!
The adder hisses angrily.
The kobold misses you.
Casting: Beastly Appendage (safe; 11% risk of failure)
Confirm with . or Enter, or press ? or * to list all spells.
Your blood is infused with primal strength.
The kobold barely misses you.
You hit the kobold.
You kill the kobold!
Lugonu accepts your kill.
You hit the ogre. You hit the adder. The adder bites you.
The ogre hits you with a +0 giant club!!
The adder barely misses you.
You hit the ogre. Your kick misses the ogre.
The ogre is lightly wounded.
You completely miss the adder. The adder bites you but does no damage.
The ogre hits you with a +0 giant club!!
* * * LOW HITPOINT WARNING * * *
Okay, then.
Okay, then.
Casting: Wereblood (safe; 17% risk of failure)
Confirm with . or Enter, or press ? or * to list all spells.
Okay, then.
You hit the adder. You claw the adder, but do no damage.
Your headbutt misses the adder.
The adder is severely wounded.
Your transformation is almost over.
The adder barely misses you. The adder completely misses you.
The ogre misses you.
You barely miss the ogre. You claw the ogre. You headbutt the ogre.
The ogre is moderately wounded.
You hit the adder.
You howl as the wereblood boils in your veins!
The adder barely misses you.
You hit the ogre. Your bite misses the ogre.
The ogre is heavily wounded.
You hit the adder.
You feel a bit better.
You kill the adder!
Lugonu accepts your kill.
The ogre hits you with a +0 giant club!!
You die...

...............#
#.##...............###. .
#..................... ..
............).......# ...
...................# ....
...................#..#..
.................).......
.................O[..###
................@........
..........#............##
..........#............#
.#.....................#
#......................#
..##...............#####
####.............###
.)..............##
####.#..........#


You could see an ogre.

Vanquished Creatures
  An ogre (D:4)
  2 scorpions (D:4)
  A jelly (D:4)
  3 iguanas
  4 orc wizards
  A hound skeleton (D:4)
  Robin (D:2)
  3 gnolls (D:3)
  7 adders
  A white imp (D:3)
  3 dart slugs
  12 orcs
  6 endoplasms
  3 giant cockroaches
  11 goblins
  15 hobgoblins
  3 jackals
  6 kobolds
  5 quokkas
  8 ball pythons
  9 bats
  5 frilled lizards
  5 rats
115 creatures vanquished.

Notes
Turn   | Place    | Note
-------+----------+-------------------------------------------
     0 | Abyss:1  | croobank the Gnoll Abyssal Knight began the quest for the
                  | Orb.
     0 | Abyss:1  | Reached XP level 1. HP: 23/23 MP: 3/3
    42 | Abyss:2  | Noticed a thrashing horror
    42 | Abyss:2  | Noticed a thrashing horror
    47 | D:1      | Escaped the Abyss
   396 | D:1      | Reached XP level 2. HP: 19/29 MP: 5/5
   720 | D:1      | Learned a level 1 spell: Beastly Appendage
   815 | D:1      | Found Qehuiv's Book Shoppe.
   823 | D:1      | Reached XP level 3. HP: 35/35 MP: 6/6
   966 | D:1      | Reached * piety under Lugonu
   970 | D:1      | Learned a level 2 spell: Wereblood
  1082 | D:2      | Found Ringib's Jewellery Shop.
  1217 | D:2      | Reached skill level 1 in Short Blades
  1217 | D:2      | Reached skill level 1 in Long Blades
  1217 | D:2      | Reached skill level 1 in Maces & Flails
  1217 | D:2      | Reached skill level 1 in Polearms
  1217 | D:2      | Reached skill level 1 in Staves
  1217 | D:2      | Reached skill level 1 in Slings
  1217 | D:2      | Reached skill level 1 in Bows
  1217 | D:2      | Reached skill level 1 in Crossbows
  1217 | D:2      | Reached skill level 1 in Throwing
  1217 | D:2      | Reached skill level 1 in Stealth
  1217 | D:2      | Reached skill level 1 in Shields
  1217 | D:2      | Reached skill level 1 in Unarmed Combat
  1217 | D:2      | Reached skill level 1 in Spellcasting
  1217 | D:2      | Reached skill level 1 in Evocations
  1283 | D:2      | Identified the +0 helmet "Ufupn" {rPois rC- rCorr Str-2}
  1283 | D:2      | Noticed Robin
  1293 | D:2      | Reached XP level 4. HP: 32/41 MP: 7/7
  1295 | D:2      | Killed Robin
  1449 | D:2      | Found a faded altar of an unknown god.
  1860 | D:3      | Reached skill level 1 in Conjurations
  1860 | D:3      | Reached skill level 1 in Hexes
  1860 | D:3      | Reached skill level 1 in Summonings
  1860 | D:3      | Reached skill level 1 in Necromancy
  1860 | D:3      | Reached skill level 1 in Translocations
  1860 | D:3      | Reached skill level 1 in Transmutations
  1860 | D:3      | Reached skill level 1 in Fire Magic
  1860 | D:3      | Reached skill level 1 in Ice Magic
  1860 | D:3      | Reached skill level 1 in Air Magic
  1860 | D:3      | Reached skill level 1 in Earth Magic
  1860 | D:3      | Reached skill level 1 in Poison Magic
  1973 | D:3      | Reached XP level 5. HP: 41/47 MP: 5/8
  2056 | D:2      | Reached ** piety under Lugonu
  2458 | D:3      | Reached skill level 5 in Invocations
  2729 | D:3      | Reached XP level 6. HP: 37/53 MP: 9/9
  3378 | D:3      | Reached skill level 5 in Axes
  3378 | D:3      | Reached skill level 5 in Armour
  3680 | D:4      | Reached XP level 7. HP: 35/59 MP: 6/10
  3686 | D:4      | HP: 1/59 [scorpion (6)]
  4000 | D:5      | Entered Level 5 of the Dungeon
  4316 | D:4      | HP: 1/59 [poisoned by a scorpion]
  4328 | D:4      | Reached skill level 7 in Fighting
  4586 | D:4      | Reached *** piety under Lugonu
  4864 | D:4      | Slain by an ogre

Illustrated notes

Levels and vault maps discovered:
D:1:      dpeg_arrival_rooms_with_view, layout_basic, serial_shops, shop
D:2:      layout_basic, serial_shops, shop, hellmonk_ecumenical_altar_blasted,
          amcnicky_mini_rare_corridor_liquid, solitary_fountain,
          minmay_misc_feat_four_crosses, uniq_robin
D:3:      minmay_razor_zed, layout_loops_cross
D:4:      layout_rooms, serial_shops, kennysheep_little_box
D:5:      layout_gridville, kennysheep_okawaru_gauntlet,
          gammafunk_ghost_cemetery

Skill      XL: |  1  2  3  4  5  6  7 |
---------------+----------------------+-----
Short Blades   | 1 2 |  2.5
Long Blades    | 1 2 |  2.5
Maces & Flails | 1 2 |  2.5
Polearms       | 1 2 |  2.5
Staves         | 1 2 |  2.5
Slings         | 1 2 |  2.5
Bows           | 1 2 |  2.5
Crossbows      | 1 2 |  2.5
Throwing       | 1 2 |  2.5
Stealth        | 1 2 |  2.5
Shields        | 1 2 |  2.5
Unarmed Combat | 1 2 |  2.5
Spellcasting   | 1 2 |  2.5
Evocations     | 1 2 |  2.5
Conjurations   | 1 2 |  2.0
Hexes          | 1 2 |  2.0
Summonings     | 1 2 |  2.0
Necromancy     | 1 2 |  2.0
Translocations | 1 2 |  2.0
Transmutations | 1 2 |  2.0
Fire Magic     | 1 2 |  2.0
Ice Magic      | 1 2 |  2.0
Air Magic      | 1 2 |  2.0
Earth Magic    | 1 2 |  2.0
Poison Magic   | 1 2 |  2.0
Dodging        | 3 |  3.6
Invocations    | 5 |  5.4
Axes           | 5 |  5.2
Armour         | 5 |  5.2
Fighting       | 7 |  7.0

Action                   |  1- 3 |  4- 6 |  7- 9 || total
-------------------------+-------+-------+-------++-------
Melee: Hand axe          |   105 |   178 |    75 ||   358
       Bite              |     4 |    14 |    13 ||    31
       Kick              |     1 |    14 |     6 ||    21
       Headbutt          |       |     8 |     4 ||    12
       Punch             |       |     1 |     1 ||     2
Throw: Boomerang         |       |    16 |       ||    16
       Dart              |       |       |     1 ||     1
 Cast: Beastly Appendage |     1 |    12 |     5 ||    18
       Wereblood         |       |     4 |     1 ||     5
Invok: Depart the Abyss  |     1 |       |       ||     1
       Bend Space        |       |       |     1 ||     1
  Use: Scroll            |       |       |     4 ||     4
       Potion            |       |       |     4 ||     4
 Stab: Sleeping          |     1 |     1 |       ||     2
Armor: Leather armour    |    27 |       |       ||    27
       Steam dragon scal |    28 |    62 |    19 ||   109
Dodge: Dodged            |    95 |   104 |    75 ||   274

Table legend: (Time is in decaauts)
 A = Elapsed time spent in this place.
 B = Non-inter-level travel time spent in this place.
 C = Inter-level travel time spent in this place.
 D = Time resting spent in this place.
 E = Time spent auto-exploring this place.
 F = Levels seen in this place.
 G = Mean time per level.
                   A        B        C        D        E       F      G
               +--------+--------+--------+--------+--------+-----+--------+
         Total |   4899 |   4789 |    110 |   1901 |   1703 |   7 |  699.9 |
       Dungeon |   4852 |   4742 |    110 |   1901 |   1703 |   5 |  970.4 |
         Abyss |     46 |     46 |      0 |      0 |      0 |   2 |   23.0 |
               +--------+--------+--------+--------+--------+-----+--------+

Top non-repeatable levels by time:
     D:3: 1945 daAuts
     D:2: 1015 daAuts
     D:1: 1013 daAuts
     D:4: 579 daAuts
     D:5: 299 daAuts
 Abyss:2: 24 daAuts
 Abyss:1: 22 daAuts
